 Dungeon Crawl Stone Soup version 0.27-a0-61-g21144fbd99 (webtiles) character file.

Game seed: 9087134409227524120

524 robertstho the Skirmisher (level 7, 0/56 HPs)
             Began as a Demonspawn Abyssal Knight on Jan 8, 2021.
             Was a Believer of Lugonu.
             Splashed by a jelly's acid (10 damage)
             ... on level 7 of the Dungeon.
             The game lasted 00:05:22 (3509 turns).

robertstho the Skirmisher (DsAK)                    Turns: 3509, Time: 00:05:22

Health: 0/56       AC:  6    Str: 15    XL:     7   Next: 2%
Magic:  9/9        EV: 12    Int: 13    God:    Lugonu [**....]
Gold:   113        SH:  0    Dex: 12    Spells: 6/6 levels left

rFire    + . .     SeeInvis .   h - +2 dagger (venom)
rCold    . . .     Faith    .   (no shield)
rNeg     . . .     Spirit   .   x - +0 scale mail
rPois    +         Reflect  .   (helmet restricted)
rElec    .         Harm     .   (no cloak)
rCorr    .         Rampage  .   (no gloves)
Will     .....                  (no boots)
Stlth    ..........             (no amulet)
HPRegen  0.18/turn              q - ring of poison resistance
MPRegen  0.11/turn              (no ring)

@: very slightly contaminated, invisible
A: horns 1, repulsion field 2, fire resistance 1, powered by pain 1
a: Renounce Religion, Depart the Abyss, Bend Space


You were on level 7 of the Dungeon.
You worshipped Lugonu.
Lugonu was pleased with you.
You visited 1 branch of the dungeon, and saw 5 of its levels.
You visited the Abyss 1 time.

You collected 113 gold pieces.

Inventory:

Hand Weapons
 a - a +1 hand axe
 h - a +2 dagger of venom (weapon)
 p - a +0 hunting sling
 v - a +0 halberd of protection
Missiles
 i - 4 sling bullets
 j - 4 javelins (quivered)
 k - 45 arrows
 n - 36 stones
Armour
 w - a +0 cloak
 x - a +0 scale mail (worn)
Jewellery
 q - a ring of poison resistance (left hand)
Scrolls
 b - 2 scrolls of teleportation {unknown}
 d - 7 scrolls of identify
 g - 2 scrolls of fog {unknown}
 o - a scroll of remove curse {unknown}
 r - a scroll of blinking {unknown}
 s - a scroll of noise {unknown}
 t - a scroll of fear {unknown}
Potions
 e - a potion of resistance {unknown}
 f - a potion of magic {unknown}
 l - 2 potions of curing {unknown}
 m - a potion of degeneration {unknown}
 u - a potion of flight {unknown}


   Skills:
 * Level 5.3 Fighting
 + Level 1.0 Short Blades
 + Level 2.1 Axes
 + Level 3.3 Slings
 + Level 0.2(2.0) Throwing
 + Level 2.4 Armour
 + Level 1.3 Dodging
 + Level 1.6 Stealth
 * Level 3.8 Invocations


You had 6 spell levels left.
You didn't know any spells.
Your spell library was empty.

Dungeon Overview and Level Annotations

Branches:
Dungeon (7/15)             Temple (0/1) D:6

Altars:
Ru

Portals:
Bailey: D:7


Innate Abilities, Weirdness & Mutations

You have a pair of small horns on your head.
You are surrounded by a moderate repulsion field. (EV +3)
Your flesh is heat resistant. (rF+)
You sometimes gain a little power by taking damage.


Message History

The orc hits you with a +0 hand axe.
* * * LOW HITPOINT WARNING * * *
You aren't carrying any items that you can evoke without wielding.
As you read the scroll labelled OPRIENN JAWO, it crumbles to dust.
It is a scroll of identify.
c - a potion of invisibility You fade into invisibility!
The orc closely misses you.
You are very lightly contaminated with residual magic.
You hit the orc wizard.
The orc wizard is poisoned.
You headbutt the orc wizard.
The orc wizard is moderately wounded.
The orc wizard barely misses you. The orc hits you with a +0 hand axe.
* * * LOW HITPOINT WARNING * * *
Unknown command.
The orc wizard completely misses you. The jelly hits you.
* * * LOW HITPOINT WARNING * * *
You are splashed with acid!
You die...

..... .. ..... .#
.... #.# .... ..
#o#o## .#
#o#..###.####..
#.##..#.>#.....
##.##B.o@.......
###.oO..#J..).....
#..rW#####.)∩)....
#....##.###....)?.[..
#.#####O##.....?.....
.#..So....##.....#.
.......r..r#<.....##
..........Z..#.#..#
...#####....## #


You could see a phantom, an orc warrior, an ogre, a jelly, a worker ant, an orc
wizard (very poisoned), an orc and a quokka.

Vanquished Creatures
  Sigmund (D:2)
  An ice beast (D:6)
  A sky beast (D:6)
  A jelly (D:6)
  A worker ant (D:6)
  Robin (D:2)
  3 adders (D:2)
  5 gnolls
  2 worms
  An orc (D:6)
  A giant cockroach (D:2)
  13 goblins
  10 hobgoblins
  3 jackals (D:2)
  2 bats
  4 frilled lizards
  6 kobolds
  7 rats
63 creatures vanquished.

Notes
Turn   | Place    | Note
-------+----------+-------------------------------------------
     0 | Abyss:1  | robertstho the Demonspawn Abyssal Knight began the quest
                  | for the Orb.
     0 | Abyss:1  | Reached XP level 1. HP: 18/18 MP: 2/2
   134 | Abyss:1  | Noticed a large abomination
   152 | Abyss:1  | Noticed a fire bat
   156 | D:1      | Escaped the Abyss
   668 | D:1      | Gained mutation: You are surrounded by a mild repulsion
                  | field. (EV +2) [demonic ancestry]
   668 | D:1      | Reached XP level 2. HP: 22/25 MP: 3/3
  1130 | D:1      | Reached * piety under Lugonu
  1131 | D:1      | Reached skill level 4 in Fighting
  1365 | D:2      | Gained mutation: Your flesh is heat resistant. (rF+)
                  | [demonic ancestry]
  1365 | D:2      | Reached XP level 3. HP: 15/30 MP: 4/4
  2018 | D:2      | Reached skill level 1 in Dodging
  2195 | D:2      | Noticed Sigmund
  2209 | D:2      | Killed Sigmund
  2210 | D:2      | Reached skill level 1 in Short Blades
  2210 | D:2      | Reached skill level 1 in Slings
  2210 | D:2      | Gained mutation: You have a pair of small horns on your
                  | head. [demonic ancestry]
  2210 | D:2      | Reached XP level 4. HP: 35/38 MP: 4/6
  2210 | D:2      | Gained mutation: You sometimes gain a little power by
                  | taking damage. [demonic ancestry]
  2210 | D:2      | Reached XP level 5. HP: 40/43 MP: 4/7
  2403 | D:2      | Noticed Robin
  2430 | D:2      | Killed Robin
  2622 | D:2      | Gained mutation: You are surrounded by a moderate repulsion
                  | field. (EV +3) [demonic ancestry]
  2622 | D:2      | Reached XP level 6. HP: 40/50 MP: 8/8
  2627 | D:2      | Reached skill level 5 in Fighting
  2782 | D:2      | Found a sacrificial altar of Ru.
  2975 | D:3      | Reached ** piety under Lugonu
  3219 | D:3      | You fall into a shaft and drop 3 floors!
  3382 | D:6      | Found a staircase to the Ecumenical Temple.
  3384 | D:6      | Noticed a sky beast
  3394 | D:6      | Killed a sky beast
  3446 | D:6      | Noticed an ice beast
  3448 | D:6      | Noticed an orc warrior
  3468 | D:6      | Killed an ice beast
  3469 | D:6      | Reached skill level 1 in Stealth
  3469 | D:6      | Reached XP level 7. HP: 31/56 MP: 9/9
  3494 | D:7      | Found a flagged portal.
  3509 | D:7      | Splashed by a jelly's acid

Illustrated notes

Levels and vault maps discovered:
D:1:      dpeg_arrival_erosion, layout_loops_corners
D:2:      layout_rooms, nicolae_ru_path_of_blood, uniq_robin, uniq_sigmund
D:3:      layout_basic, saegor_snake_ambush
D:6:      layout_rooms, chequers_temple_overflow_minitemple,
          minmay_temple_entry_butterflies, serial_shops, shop
D:7:      layout_rooms, grunt_temple_overflow_holy_war, enter_bailey_2,
          enter_ossuary_2

Skill      XL: |  1  2  3  4  5  6 |
---------------+-------------------+-----
Fighting       | 4 5 |  5.3
Axes           | 2 |  2.1
Dodging        | 1 |  1.3
Short Blades   | 1 |  1.0
Slings         | 1 2 3 |  3.3
Armour         | 2 |  2.4
Invocations    | 3 |  3.8
Stealth        | 1 |  1.6
Throwing       | |  0.2

Action                   |  1- 3 |  4- 6 |  7- 9 || total
-------------------------+-------+-------+-------++-------
Melee: Hand axe          |     9 |       |       ||     9
       Dagger            |    56 |     7 |     1 ||    64
       Headbutt          |       |     1 |     1 ||     2
 Fire: Hunting sling     |    34 |   145 |       ||   179
Throw: Javelin           |     3 |       |       ||     3
Invok: Depart the Abyss  |     1 |       |       ||     1
  Use: Scroll            |       |       |     1 ||     1
       Potion            |       |       |     1 ||     1
 Stab: Sleeping          |     1 |       |       ||     1
Armor: Leather armour    |    17 |     5 |       ||    22
       Scale mail        |       |    14 |     2 ||    16
Dodge: Dodged            |    66 |    71 |     6 ||   143

Table legend: (Time is in decaauts)
 A = Elapsed time spent in this place.
 B = Non-inter-level travel time spent in this place.
 C = Inter-level travel time spent in this place.
 D = Time resting spent in this place.
 E = Time spent auto-exploring this place.
 F = Levels seen in this place.
 G = Mean time per level.
                   A        B        C        D        E       F      G
               +--------+--------+--------+--------+--------+-----+--------+
         Total |   3529 |   3412 |    117 |    774 |   2039 |   6 |  588.2 |
       Dungeon |   3373 |   3256 |    117 |    774 |   1923 |   5 |  674.6 |
         Abyss |    156 |    156 |      0 |      0 |    116 |   1 |  156.0 |
               +--------+--------+--------+--------+--------+-----+--------+

Top non-repeatable levels by time:
     D:1: 1422 daAuts
     D:2: 1389 daAuts
     D:6: 274 daAuts
     D:3: 271 daAuts
 Abyss:1: 156 daAuts
     D:7: 15 daAuts
